 Dungeon Crawl Stone Soup version 0.23-a0-641-g0a7f1ce553 (webtiles) character file.

8644 HereIgoKillingAgain the Impaler (level 11, -10/83 HPs)
             Began as a Merfolk Gladiator on Dec 30, 2018.
             Was a Believer of Yredelemnul.
             Mangled by a rakshasa (illusionary)
             ... wielding a +0 whip
              (15 damage)
             ... on level 10 of the Dungeon.
             The game lasted 00:14:35 (9292 turns).

HereIgoKillingAgain the Impaler (Merfolk Gladiator) Turns: 9292, Time: 00:14:36

Health: -10/83     AC: 10    Str: 22    XL:     11   Next: 34%
Magic:  15/15      EV: 20    Int: 12    God:    Yredelemnul [**....]
Gold:   429        SH:  0    Dex: 16    Spells: 10/10 levels left

rFire    + . .     SeeInvis +   F - +3 trident of Iconoclasm {flame, rC- Str+2 Stlth+}
rCold    x . .     Gourm    .   (no shield)
rNeg     + . .     Faith    .   d - +2 leather armour "Ylia" {rF+ Int+2 Stlth+}
rPois    .         Spirit   .   c - +1 helmet
rElec    .         Reflect  .   (no cloak)
rCorr    .         Harm     .   v - +2 pair of gloves
MR       .....     Rnd*Tele +   (no boots)
Stlth    +++.......             (no amulet)
HPRegen  0.23/turn              g - ring of see invisible
MPRegen  0.14/turn              H - ring of positive energy

@: mighty
A: change form in water, swift swim, stealthy swim, teleportitis 1
a: Animate Remains, Recall Undead Slaves, Injury Mirror, Renounce Religion


You were on level 10 of the Dungeon.
You worshipped Yredelemnul.
Yredelemnul was pleased with you.
You were not hungry.

You visited 2 branches of the dungeon, and saw 11 of its levels.
You also visited: Sewer and Ossuary.

You collected 429 gold pieces.

Inventory:

Hand Weapons
 a - a +1 trident
 e - a +1 scimitar of flaming
 t - a +0 glaive
 F - the +3 trident of Iconoclasm (weapon) {flame, rC- Str+2 Stlth+}
   (You found it on level 6 of the Dungeon)

   It has been specially enchanted to burn those struck by it, causing extra
   injury to most foes and up to half again as much damage against particularly
   susceptible opponents.
   It affects your strength (+2).
   It makes you vulnerable to cold.
   It makes you more stealthy.
Missiles
 D - a throwing net (quivered)
Armour
 b - a +0 leather armour
 c - a +1 helmet (worn)
 d - the +2 leather armour "Ylia" (worn) {rF+ Int+2 Stlth+}
   (You found it on level 9 of the Dungeon)

   It affects your intelligence (+2).
   It protects you from fire.
   It makes you more stealthy.
 v - a +2 pair of gloves (worn)
Jewellery
 g - a ring of see invisible (left hand)
 H - a ring of positive energy (right hand)
Wands
 n - a wand of random effects (14)
 I - a wand of iceblast (7)
Scrolls
 i - 4 scrolls of teleportation
 j - 6 scrolls of magic mapping
 l - 4 scrolls of remove curse
 o - 2 scrolls of identify
 r - 2 scrolls of enchant armour
 s - 2 scrolls of enchant weapon
 x - 4 scrolls of fog
 y - 2 scrolls of fear
 z - 2 scrolls of blinking
Potions
 h - a potion of flight
 k - 2 potions of curing
 m - a potion of ambrosia
 p - a potion of resistance
 q - a potion of invisibility
 u - 2 potions of magic
 w - 4 potions of brilliance
 A - 5 potions of might
 B - a potion of haste
Comestibles
 f - 17 rations


   Skills:
 + Level 6.8 Fighting
 + Level 17.1 Polearms
 - Level 2.0 Throwing
 * Level 11.5 Dodging
 - Level 5.7 Evocations


You had 10 spell levels left.
You didn't know any spells.
Your spell library was empty.

Dungeon Overview and Level Annotations

Branches:
Dungeon (10/15)            Temple (1/1) D:5            Lair (0/6) D:8
    Orc: D:9-12

Altars:
Ashenzari
Cheibriados
Dithmenos
Elyvilon
Fedhas
Gozag
Hepliaklqana
Kikubaaqudgha
Makhleb
Nemelex Xobeh
Okawaru
Qazlal
Ru
Sif Muna
Trog
Uskayaw
Vehumet
Wu Jian
Xom
Yredelemnul
Zin
The Shining One


Innate Abilities, Weirdness & Mutations

You revert to your normal form in water.
You are very nimble and swift while swimming.
You are very stealthy in the water. (Stealth+)
You are occasionally teleported next to monsters.


Message History

The orb of energy misses you.
You puncture the rakshasa! You burn the rakshasa.
You kill the rakshasa!
You closely miss the rakshasa.
The rakshasa is almost dead.
The rakshasa barely misses you.
You puncture the rakshasa! You burn the rakshasa.
The rakshasa is almost dead.
The rakshasa blinks!
The rakshasa gestures at you. The orb of energy hits you!
* * * LOW HITPOINT WARNING * * *
The orb of energy explodes!
You closely miss the rakshasa.
The rakshasa is almost dead.
You puncture the rakshasa! You burn the rakshasa.
The rakshasa is almost dead.
The rakshasa hits you with a +0 whip!
You die...
Your body rises from the dead as a mindless zombie.

#.#.#..## #.#.#.##..
#.#..##..## #.#.##l.##)#
#.?##ll##=..# ##...##l.##...#
#R##..##..#.#..#
##.##..##...##..#
######@.##..##..)##.C
######.<...R..##..##|##..#
######.......#####..##..###..##
.....+.......# #...##..#..##.
..†.##.......# #....##...##..
.†.<.#.......# #.....##.##.#.
####'#.......# ####+#.###.... .
##...........# #..#.#.#.#. .
##...>...<...# #####.#...#.# ..


You could see 2 rakshasas and 4 wyverns.

Vanquished Creatures
  A two-headed ogre (D:8)
  Erica (D:8)
  A centaur skeleton (D:5)
  A troll (D:10)
  A hornet (D:9)
  4 hippogriffs
  Sigmund (D:3)
  A spriggan (D:8)
  A vampire (D:9)
  A hungry ghost (D:9)
  A steam dragon (D:9)
  2 orc warriors
  2 ice beasts
  3 black bears
  3 sky beasts
  6 ogres
  2 centaurs
  3 phantoms
  A big kobold (D:7)
  6 bullfrogs
  A wyvern zombie (D:6)
  8 scorpions
  8 killer bees
  2 howler monkeys
  8 crimson imps
  2 centaur zombies
  A bullfrog skeleton (D:6)
  4 jellies
  6 orc wizards
  5 orc priests
  A hound (D:9)
  Jessica (D:3)
  2 iguanas
  11 worker ants
  A killer bee zombie (D:6)
  6 big kobold zombies (Ossuary)
  A hound zombie (D:6)
  2 worker ant zombies (D:6)
  A mummy (Ossuary)
  2 howler monkey skeletons
  2 river rats (Sewer)
  12 adders
  2 shadow imps
  An ooze (D:1)
  4 adder zombies
  4 adder skeletons
  2 worms
  2 dart slugs (D:3)
  5 leopard geckos
  29 orcs
  3 spectral bats (Ossuary)
  5 bats
  11 giant cockroaches
  6 gnoll zombies (Ossuary)
  4 goblins
  3 hobgoblins
  23 jackals
  7 kobolds
  7 quokkas
  4 ball pythons
  7 bat simulacra (Ossuary)
  12 frilled lizards
  A goblin simulacrum (Ossuary)
  3 goblin zombies (Ossuary)
  3 hobgoblin zombies (Ossuary)
  A jackal skeleton (D:6)
  A jackal zombie (D:8)
  A kobold simulacrum (Ossuary)
  5 kobold zombies (Ossuary)
  7 orc zombies (Ossuary)
  A quokka skeleton (D:6)
  18 rats
  2 rat simulacra (Ossuary)
  4 spectral goblins (Ossuary)
  4 spectral rats (Ossuary)
321 creatures vanquished.

Vanquished Creatures (others)
  An unseen horror (D:9)
  A human (D:3)
  An orc (D:8)
3 creatures vanquished.

Grand Total: 324 creatures vanquished

Notes
Turn   | Place    | Note
-------+----------+-------------------------------------------
     0 | D:1      | HereIgoKillingAgain the Merfolk Gladiator began the quest
                  | for the Orb.
     0 | D:1      | Reached XP level 1. HP: 16/16 MP: 1/1
   142 | D:1      | Reached skill level 5 in Polearms
   142 | D:1      | Reached XP level 2. HP: 22/22 MP: 2/2
   700 | D:1      | Reached skill level 6 in Polearms
   700 | D:1      | Reached XP level 3. HP: 26/27 MP: 3/3
  1105 | D:2      | Reached skill level 7 in Polearms
  1105 | D:2      | Reached XP level 4. HP: 28/33 MP: 4/4
  1451 | D:3      | Noticed a bullfrog
  1464 | D:3      | Killed a bullfrog
  1464 | D:3      | Reached skill level 8 in Polearms
  1464 | D:3      | Reached XP level 5. HP: 13/38 MP: 5/5
  1725 | D:3      | Noticed Jessica
  1733 | D:3      | Killed Jessica
  2036 | D:3      | Noticed Sigmund
  2058 | D:3      | Killed Sigmund
  2058 | D:3      | Reached skill level 10 in Polearms
  2058 | D:3      | Reached XP level 6. HP: 44/44 MP: 6/6
  2290 | D:3      | Found an ancient bone altar of Kikubaaqudgha.
  2290 | D:3      | Noticed a human
  2293 | D:3      | Killed a human
  2477 | D:4      | Reached XP level 7. HP: 41/50 MP: 7/7
  2486 | D:4      | Reached skill level 11 in Polearms
  2792 | D:4      | Reached skill level 12 in Polearms
  2798 | D:4      | Found a glowing drain.
  2820 | Sewer    | Entered a sewer
  3225 | D:4      | Reached XP level 8. HP: 49/56 MP: 8/8
  3254 | D:4      | Reached skill level 13 in Polearms
  3500 | D:5      | Entered Level 5 of the Dungeon
  3843 | D:5      | Reached skill level 14 in Polearms
  3865 | D:5      | Found a sand-covered staircase.
  3874 | Ossuary  | Entered an ossuary
  4191 | Ossuary  | Reached skill level 15 in Polearms
  4366 | D:5      | Reached XP level 9. HP: 51/61 MP: 9/9
  4619 | D:5      | Found a staircase to the Ecumenical Temple.
  4625 | Temple   | Entered the Ecumenical Temple
  4861 | D:6      | Reached skill level 1 in Evocations
  4869 | D:6      | Got a bloodstained trident
  4870 | D:6      | Identified the +3 trident of Iconoclasm {flame, rC- Str+2
                  | Stlth+} (You found it on level 6 of the Dungeon)
  5125 | D:6      | Reached skill level 5 in Dodging
  6366 | D:7      | Reached skill level 16 in Polearms
  6366 | D:7      | Reached XP level 10. HP: 65/71 MP: 13/13
  6711 | D:7      | Got a brightly glowing iron ring
  6713 | D:7      | Found a basalt altar of Yredelemnul.
  6894 | D:7      | Became a worshipper of Yredelemnul the Dark
  6896 | D:7      | Identified the ring "Laawystri" {Ice *Contam Dex+2 SInv}
                  | (You found it on level 7 of the Dungeon)
  6900 | D:7      | Gained mutation: You are occasionally teleported next to
                  | monsters. [mutagenic glow]
  7045 | D:8      | Noticed Erica
  7387 | D:7      | Reached skill level 5 in Evocations
  7474 | D:8      | Killed Erica
  7575 | D:8      | Reached skill level 5 in Fighting
  7598 | D:8      | Reached * piety under Yredelemnul
  7640 | D:8      | Found a staircase to the Lair.
  7869 | D:8      | Noticed a two-headed ogre
  7880 | D:8      | Killed a two-headed ogre
  7897 | D:8      | Reached skill level 10 in Dodging
  8035 | D:9      | Reached XP level 11. HP: 74/81 MP: 15/15
  8187 | D:9      | Noticed an unseen horror
  8195 | D:9      | Killed an unseen horror
  8217 | D:9      | Found a large runed door.
  8217 | D:9      | Found a large runed door.
  8237 | D:9      | Reached ** piety under Yredelemnul
  8243 | D:9      | Reached skill level 17 in Polearms
  8723 | D:9      | Got a steaming leather armour
  8734 | D:9      | Identified the +2 leather armour "Ylia" {rF+ Int+2 Stlth+}
                  | (You found it on level 9 of the Dungeon)
  8965 | D:9      | Found a radiant altar of Vehumet.
  8965 | D:9      | Noticed a fire crab
  8968 | D:9      | Found a glowing golden altar of the Shining One.
  8968 | D:9      | Noticed a flayed ghost
  9083 | D:10     | Entered Level 10 of the Dungeon
  9244 | D:10     | Noticed a rakshasa
  9245 | D:10     | Noticed a cyclops
  9292 | D:10     | Mangled by a rakshasa (illusionary)

Vault maps used:
D:1:      dpeg_arrival_arbitrary_c, chequers_garden
D:3:      hex_medium, tgw_kikubaaqudgha, uniq_sigmund, uniq_jessica
D:4:      first_ration, portal_sewer_entry_f
D:5:      temple_green, nicolae_ossuary_entry_ruins, hangedman_decor_growths,
          chequers_arboretum
D:6:      serial_undead, serial_undead_d, serial_undead_b, serial_undead_e,
          serial_undead_b, serial_undead_d, serial_undead_c
D:7:      lemuel_doored_altar
D:8:      dpeg_oklobed_lair, the_bakery, st_stairs_9, uniq_erica
D:9:      jmf_multi_god_temple2
D:10:     cheibrodos_helix_gallery, minmay_diamond_spiral, uniq_nergalle
Temple:   grunt_wide_crystal_templ
Sewer:    sewer_co_cracked_pipes
Ossuary:  ossuary_zaba_two_paths

Skill      XL: |  1  2  3  4  5  6  7  8  9 10 11 |
---------------+----------------------------------+-----
Polearms       | 5 6 7 8 10 12 15 16 17 | 17.1
Evocations     | 4 5 |  5.7
Dodging        | 7 10 11 | 11.5
Fighting       | 4 6 |  6.8
Throwing       | |  2.0

Action                   |  1- 3 |  4- 6 |  7- 9 | 10-12 || total
-------------------------+-------+-------+-------+-------++-------
Melee: Trident           |   134 |   107 |   694 |   355 ||  1290
       Tailslap          |       |       |     2 |       ||     2
Throw: Throwing net      |     3 |     5 |       |     4 ||    12
Evoke: Wand              |       |       |       |     1 ||     1
  Use: Potion            |       |     1 |       |     4 ||     5
       Scroll            |       |       |    15 |    11 ||    26
 Stab: Sleeping          |     1 |     1 |    11 |     9 ||    22
       Held in net/web   |       |     3 |       |     6 ||     9
  Eat: Chunk             |       |     2 |     9 |     2 ||    13
       Ration            |       |     1 |     1 |     3 ||     5
Armor: Leather armour    |    38 |    11 |   106 |    47 ||   202
Dodge: Dodged            |   100 |    30 |   228 |   198 ||   556

Table legend:
 A = Non-vault XP
 B = Vault XP
 C = Vault XP percentage of total XP
 D = Non-vault monster count
 E = Vault monster count
 F = Vault count percentage of total count
                 A         B        C        D         E       F
            +---------+---------+-------+---------+---------+-------
      Total |   10026 |    2323 |  18.8 |     220 |     102 |  31.7
            +---------+---------+-------+---------+---------+-------
        D:1 |      35 |       0 |   0.0 |      17 |       0 |   0.0
        D:2 |      65 |       0 |   0.0 |      23 |       0 |   0.0
        D:3 |     162 |     260 |  61.6 |      13 |       2 |  13.3
        D:4 |     801 |      10 |   1.2 |      31 |       4 |  11.4
        D:5 |     946 |       0 |   0.0 |      12 |       0 |   0.0
        D:6 |    1617 |     174 |   9.7 |      41 |      12 |  22.6
        D:7 |     936 |      42 |   4.3 |      25 |       1 |   3.8
        D:8 |    2189 |    1180 |  35.0 |      26 |       3 |  10.3
        D:9 |    2565 |     258 |   9.1 |      23 |       2 |   8.0
       D:10 |     710 |      97 |  12.0 |       9 |       1 |  10.0
      Sewer |       0 |      74 | 100.0 |       0 |      24 | 100.0
    Ossuary |       0 |     228 | 100.0 |       0 |      53 | 100.0
            +---------+---------+-------+---------+---------+-------
